 Dungeon Crawl Stone Soup version 0.31-a0-574-g69dc8cc98e (webtiles) character file.

Game seed: 16083116356991192156

152 Newt the Trooper (level 5, -2/63 HPs)
             Began as a Demonspawn Gladiator on Aug 18, 2023.
             Was an Initiate of Gozag.
             Slain by Menkaure (9 damage)
             ... on level 4 of the Dungeon.
             The game lasted 00:02:50 (2606 turns).

Newt the Trooper (Demonspawn Gladiator)             Turns: 2606, Time: 00:02:50

Health: -2/63      AC: 22    Str: 17    XL:     5   Next: 11%
Magic:  5/5        EV:  2    Int:  9    God:    Gozag
Gold:   86         SH:  0    Dex: 14    Spells: 4/4 levels left

rFire   . . .        k - +1 long sword (venom)
rCold   . . .        (no shield)
rNeg    . . .        b - melded +0 leather armour
rPois   +            (helmet currently unavailable)
rElec   .            j - melded +1 cloak
rCorr   .            o - melded +0 pair of gloves
SInv    .            (boots currently unavailable)
Will    .....        (no amulet)
Stlth   +            (no ring)
HPRegen 0.30/turn    (no ring)
MPRegen 0.18/turn

%: no passive effects
@: tree-form, gold aura
A: stationary, stasis, torment immunity, boosted hp, (horns 1), foul stench 1,
magic regeneration
a: Renounce Religion, Potion Petition, Call Merchant, Bribe Branch


You were on level 4 of the Dungeon.
You worshipped Gozag.
Gozag was noncommittal.
You were a tree.
You visited 2 branches of the dungeon, and saw 5 of its levels.

You collected 144 gold pieces.
You paid 58 gold pieces to Gozag.

Inventory:

Hand Weapons
 a - a +1 rapier of protection
 h - a +1 sling of draining
 k - a +1 long sword of venom (weapon)
Missiles
 d - a throwing net (quivered)
 e - a javelin
 f - 12 boomerangs
Armour
 b - a +0 leather armour (melded)
 c - a +0 helmet
 j - a +1 cloak (melded)
 o - a +0 pair of gloves (melded)
Scrolls
 g - a scroll of noise
 m - a scroll of identify
Potions
 i - a potion of attraction


   Skills:
 - Level 4.0 Fighting
 - Level 2.6(3.0) Short Blades
 + Level 1.9(2.6) Long Blades
 - Level 3.0 Throwing
 - Level 2.6 Dodging


You had 4 spell levels left.
You didn't know any spells.
Your spell library contained the following spells:

 Spells                   Type           Power      Damage    Failure   Level
 Sublimation of Blood     Necr           0%         N/A       52%         2
 Wereblood                Tmut           0%         N/A       52%         2
 Tukima's Dance           Hex            0%         N/A       77%         3
 Vampiric Draining        Necr           0%         2d6       77%         3
 Iskenderun's Mystic Bla  Conj/Tloc      0%         2d3       99%         4
 Passage of Golubria      Tloc           0%         N/A       99%         4
 Agony                    Necr           0%         N/A       100%        5
 Yara's Violent Unravell  Hex/Tmut       0%         3d3       100%        5
 Summon Hydra             Summ           0%         N/A       100%        7


Dungeon Overview and Level Annotations

Branches:
Dungeon (4/15)             Temple (1/1) D:4

Altars:
Cheibriados
Dithmenos
Gozag
Hepliaklqana
Kikubaaqudgha
Okawaru
Ru
Trog
Uskayaw
Vehumet
Wu Jian
Xom

Shops:
D:1 (

Annotations:
D:4 Grinder, Menkaure


Innate Abilities, Weirdness & Mutations

You are a tree.
Your roots penetrate the ground, keeping you stationary.
You cannot be teleported.
You are immune to unholy pain and torment.
Your maximum health is greatly increased.
Your equipment is partially melded.
((You have a pair of small horns on your head.))
You may rarely emit foul miasma when damaged in melee.
You regenerate magic rapidly.


Message History

You feel sick.
You kill the kobold!
Unknown command.
Throw: 3 throwing nets
Press: ? - help, Q - select action, (/) - cycle Shift-Dir - straight line, f/p - Menkaure
Aim: Menkaure (moderately damaged, pursuing quickly, 74% to hit)
Okay, then.
Throw: 3 throwing nets
Press: ? - help, Shift-Dir - straight line, f/p - Menkaure
Aim: Menkaure (moderately damaged, pursuing quickly, 74% to hit)
You throw a throwing net.
The throwing net closely misses Menkaure.
You feel sick. Menkaure barely misses you.
Unknown command.
Throw: 2 throwing nets
Press: ? - help, Shift-Dir - straight line, f/p - Menkaure
Aim: Menkaure (moderately damaged, pursuing quickly, 74% to hit)
You throw a throwing net. The throwing net hits Menkaure.
Menkaure is caught in the net!
Menkaure is moderately damaged.
You feel sick.
You are no longer poisoned.
You hit Menkaure but do no damage.
Menkaure is moderately damaged.
Menkaure struggles against the net.
Menkaure casts a spell.
Menkaure seems to speed up.
Menkaure struggles against the net.
You hit Menkaure.
Menkaure is moderately damaged.
Unknown command.
You slash Menkaure!
Menkaure is severely damaged.
Menkaure struggles against the net. x2
The net rips apart, and Menkaure comes free!
Unknown command.
You hit Menkaure.
Menkaure is almost destroyed.
Menkaure hits you but does no damage. Menkaure hits you!
You die...
Your body crumbles into a pile of gold.

##............#####...#
...........##.........#
............#..#.##...#
..............##.# .
..............##.# ..
.............##..## #.#
.............###..#...# ##
..........##.#.$......# .# ####
###.....#.....#.♣#..### .##....
##....####..#.#M##.### ##.......
#....## #..##..5##...###........
)....# ......#..#........#.....
......# #.....#..##.............
........#....##§..#.............
#.....###.(.§§#§...........<....
###.....####.§§§§...............
. ....... #..§§§§#..............


You could see Grinder and Menkaure (fast, pursuing).

Vanquished Creatures
  Ijyb (D:4)
  An orc wizard (D:3)
  3 adders
  2 dart slugs (D:1)
  4 orcs (D:3)
  3 ball pythons
  7 bats
  9 endoplasms
  5 goblins
  8 hobgoblins
  3 jackals (D:3)
  2 quokkas (D:4)
  A frilled lizard (D:1)
  8 kobolds
  9 rats
66 creatures vanquished.

Notes
Turn   | Place    | Note
-------+----------+-------------------------------------------
     0 | D:1      | Newt the Demonspawn Gladiator began the quest for the Orb.
     0 | D:1      | Reached XP level 1. HP: 16/16 MP: 1/1
   157 | D:1      | Gained mutation: You may rarely emit foul miasma when
                  | damaged in melee. [demonic ancestry]
   157 | D:1      | Reached XP level 2. HP: 23/23 MP: 2/2
   312 | D:1      | Reached skill level 3 in Fighting
   577 | D:1      | Found Lishremy's Antique Weapon Emporium.
   718 | D:2      | Reached XP level 3. HP: 15/29 MP: 3/3
  1169 | D:2      | Reached skill level 4 in Fighting
  1674 | D:3      | Gained mutation: You have a pair of small horns on your
                  | head. [demonic ancestry]
  1674 | D:3      | Reached XP level 4. HP: 29/37 MP: 4/4
  1887 | D:3      | Identified the +4 flail "Qugummoi" {flame, Fly rPois rF+
                  | Str-5}
  2314 | D:4      | Reached skill level 1 in Long Blades
  2459 | D:4      | Found a staircase to the Ecumenical Temple.
  2480 | Temple   | Entered the Ecumenical Temple
  2488 | Temple   | Became a worshipper of Gozag Ym Sagoz the Greedy
  2499 | D:4      | Got the Catalogue of the Bloody Compass
  2528 | D:4      | Noticed Ijyb
  2532 | D:4      | Killed Ijyb
  2533 | D:4      | Gained mutation: You regenerate magic rapidly. [demonic
                  | ancestry]
  2533 | D:4      | Reached XP level 5. HP: 42/42 MP: 5/5
  2582 | D:4      | Noticed Menkaure
  2587 | D:4      | Noticed Grinder
  2606 | D:4      | Slain by Menkaure

Illustrated notes

Levels and vault maps discovered:
D:1:      sevenhm_arrival_forest_fort_small_4, layout_basic, serial_shops,
          nicolae_shop_crystal, serial_rivers, chequers_serial_rivers_large_b,
          chequers_serial_rivers_micro_b, chequers_serial_rivers_large_a,
          chequers_serial_rivers_small_a, chequers_serial_rivers_micro_c,
          chequers_serial_rivers_room_a, grunt_decor_fettered
D:2:      layout_rooms
D:3:      layout_basic
D:4:      layout_cave_pools, temple_fountains, uniq_ijyb, uniq_menkaure,
          uniq_grinder
Temple:   eino_temple_lava

Skill      XL: |  1  2  3  4 |
---------------+-------------+-----
Fighting       | 3 4 |  4.0
Throwing       | 2 3 |  3.0
Long Blades    | 1 |  1.9
Short Blades   | |  2.6
Dodging        | |  2.6

Action                     |  1- 3 |  4- 6 || total
---------------------------+-------+-------++-------
  Melee: Rapier            |    96 |       ||    96
         Long sword        |       |    50 ||    50
         Unarmed           |       |     3 ||     3
         Headbutt          |       |     4 ||     4
         Punch             |       |     2 ||     2
   Fire: Sling             |    21 |     9 ||    30
  Throw: Boomerang         |       |     3 ||     3
         Throwing net      |       |     2 ||     2
    Use: Scroll            |     3 |     5 ||     8
         Potion            |       |     1 ||     1
   Stab: Sleeping          |     1 |     1 ||     2
 Armour: Leather armour    |    29 |    18 ||    47
         Skin              |       |     1 ||     1
  Dodge: Dodged            |    56 |    36 ||    92

Table legend: (Time is in decaauts)
 A = Elapsed time spent in this place.
 B = Non-inter-level travel time spent in this place.
 C = Inter-level travel time spent in this place.
 D = Time resting spent in this place.
 E = Time spent auto-exploring this place.
 F = Levels seen in this place.
 G = Mean time per level.
                   A        B        C        D        E       F      G
               +--------+--------+--------+--------+--------+-----+--------+
         Total |   2693 |   2501 |    192 |    297 |   1771 |   5 |  538.6 |
       Dungeon |   2676 |   2500 |    176 |    297 |   1771 |   4 |  669.0 |
        Temple |     16 |      1 |     15 |      0 |      0 |   1 |   16.0 |
               +--------+--------+--------+--------+--------+-----+--------+

Top non-repeatable levels by time:
     D:1: 907 daAuts
     D:3: 865 daAuts
     D:2: 589 daAuts
     D:4: 314 daAuts
  Temple: 16 daAuts
